2804 views
Uploaded 2020-12-10 05:22:23
Game version 1.32.9
40:43 long 4on4 ladder game on (8)GoldRush
Saved by Lalala
2804 views
Uploaded 2020-12-10 05:22:23
Game version 1.32.9
40:43 long 4on4 ladder game on (8)GoldRush


273 units @ 31.9k
/ 3.9k
168 buildings @ 22.7k
/ 10.6k
Chutieu
(40:42) : 

| Lesser Clarity Potion | 4 | 280 |
| Moonstone | 2 | 100 |
| Orb of Venom | 2 | 650 |
| Staff of Preservation | 1 | 150 |
| Anti-magic Potion | 1 | 100 |
| Potion of Mana | 1 | 200 |
| Scroll of Town Portal | 6 | 2100 |
| Scroll of Healing | 1 | 250 |
| Staff of Teleportation | 1 | 150 |
| Boots of Speed | 3 | 750 |
| Potion of Lesser Invulnerability | 1 | 150 |
| Scroll of Protection | 1 | 150 |
| Scroll of Regeneration | 1 | 100 |
| total: | 25 | 5130g |
| Wisp | 39 | 2340 | / | 0 |
| Archer | 22 | 2860 | / | 220 |
| Hippogryph | 19 | 3040 | / | 380 |
| Huntress | 1 | 195 | / | 20 |
| total: | 81 | 8435g | / | 620w |
| Ancient Protector | 2 | 270 | / | 160 |
| Altar of Elders | 1 | 180 | / | 50 |
| Moon Well | 9 | 1620 | / | 360 |
| Ancient of War | 3 | 450 | / | 180 |
| Tree of Life | 4 | 1360 | / | 740 |
| Ancient of Wonders | 2 | 180 | / | 60 |
| Hunter's Hall | 1 | 210 | / | 100 |
| Ancient of Wind | 2 | 300 | / | 280 |
| Tree of Ages | 1 | 320 | / | 180 |
| Tree of Eternity | 1 | 330 | / | 200 |
| total: | 24 | 4570g | / | 1930w |
| 0:02 | Wisp |
| 0:02 | Wisp |
| 0:02 | Wisp |
| 0:05 | Altar of Elders |
| 0:07 | Moon Well |
| 0:22 | Wisp |
| 0:41 | Ancient of War |
| 0:51 | Wisp |
| 1:05 | Wisp |
| 1:11 | Wisp |
| 1:28 | Wisp |
| 1:32 | Moon Well |
| 1:44 | Archer |
| 1:56 | Wisp |
| 2:12 | Force of Nature |
| 2:15 | Ancient of War |
| 2:17 | Ancient of War |
| 2:19 | Wisp |
| 2:34 | Archer |
| 2:42 | Archer |
| 2:46 | Moon Well |
| 3:03 | Archer |
| 3:20 | Archer |
| 3:41 | Archer |
| 4:04 | Tree of Ages |
| 4:09 | Entangling Roots |
| 4:38 | Tree of Life |
| 4:56 | Archer |
| 5:08 | Force of Nature |
| 5:22 | Staff of Teleportation |
| 5:26 | Boots of Speed |
| 5:57 | Archer |
| 6:01 | Moon Well |
| 6:25 | Improved Bows |
| 7:11 | Archer |
| 7:13 | Wisp |
| 7:13 | Wisp |
| 7:13 | Wisp |
| 7:13 | Wisp |
| 7:13 | Wisp |
| 7:18 | Ancient of Wind |
| 7:28 | Trueshot Aura |
| 7:32 | Wisp |
| 7:32 | Wisp |
| 7:32 | Wisp |
| 7:35 | Ancient of Wonders |
| 7:53 | Wisp |
| 7:53 | Wisp |
| 8:08 | Wisp |
| 8:08 | Wisp |
| 8:14 | Ancient of Wind |
| 8:19 | Wisp |
| 8:21 | Wisp |
| 8:21 | Wisp |
| 8:21 | Wisp |
| 8:21 | Wisp |
| 8:56 | Hippogryph |
| 8:56 | Hippogryph |
| 8:59 | Tree of Life |
| 9:31 | Hippogryph |
| 9:32 | Moon Well |
| 9:33 | Wisp |
| 10:33 | Archer |
| 10:34 | Hippogryph |
| 10:34 | Hippogryph |
| 10:48 | Tree of Eternity |
| 10:51 | Hunter's Hall |
| 11:18 | Hippogryph |
| 11:22 | Archer |
| 11:23 | Archer |
| 11:40 | Wisp |
| 11:57 | Strength of the Moon |
| 11:58 | Archer |
| 12:20 | Archer |
| 12:32 | Entangling Roots |
| 12:42 | Archer |
| 12:43 | Hippogryph |
| 12:55 | Scout |
| 13:01 | Hippogryph |
| 13:18 | Hippogryph |
| 13:46 | Hippogryph |
| 13:46 | Improved Strength of the Moon |
| 13:48 | Wisp |
| 14:13 | Marksmanship |
| 14:14 | Archer |
| 14:20 | Scroll of Town Portal |
| 14:21 | Lesser Clarity Potion |
| 14:32 | Hippogryph |
| 15:18 | Archer |
| 15:19 | Huntress |
| 15:20 | Hippogryph |
| 15:22 | Scroll of Town Portal |
| 15:23 | Moonstone |
| 15:25 | Lesser Clarity Potion |
| 15:48 | Archer |
| 15:49 | Hippogryph |
| 16:30 | Archer |
| 16:31 | Hippogryph |
| 17:14 | Lesser Clarity Potion |
| 17:16 | Moonstone |
| 17:18 | Scroll of Town Portal |
| 17:27 | Orb of Venom |
| 17:45 | Staff of Preservation |
| 17:45 | Anti-magic Potion |
| 17:50 | Archer |
| 17:51 | Hippogryph |
| 17:52 | Hippogryph |
| 17:52 | Advanced Strength of the Moon |
| 18:24 | Trueshot Aura |
| 18:31 | Hippogryph |
| 18:54 | Tree of Life |
| 19:19 | Archer |
| 19:30 | Entangling Roots |
| 19:38 | Hippogryph |
| 20:36 | Archer |
| 20:37 | Hippogryph |
| 20:54 | Ancient Protector |
| 21:41 | Scroll of Town Portal |
| 21:47 | Orb of Venom |
| 21:58 | Wisp |
| 21:58 | Wisp |
| 21:58 | Wisp |
| 21:58 | Wisp |
| 21:59 | Wisp |
| 23:10 | Ancient Protector |
| 23:13 | Scroll of Town Portal |
| 24:35 | Scroll of Regeneration |
| 24:45 | Scroll of Town Portal |
| 24:49 | Lesser Clarity Potion |
| 24:51 | Potion of Mana |
| 26:10 | Scout |
| 26:51 | Tranquility |
| 27:42 | Trueshot Aura |
| 30:32 | Scroll of Healing |
| 30:32 | Boots of Speed |
| 30:37 | Potion of Lesser Invulnerability |
| 30:43 | Boots of Speed |
| 30:51 | Scroll of Protection |
| 32:14 | Tree of Life |
| 32:24 | Ancient of Wonders |
| 33:11 | Force of Nature |
| 34:10 | Starfall |
| 35:35 | Moon Well |
| 35:36 | Moon Well |
| 35:36 | Moon Well |
| 35:37 | Moon Well |
| 37:57 | Wisp |
| 40:40 | Wisp |
| 40:40 | Wisp |
| 40:40 | Wisp |
| Right click | 3812 |
| Select group | 2949 |
| Misc. action | 747 |
| Select | 593 |
| Build/train/purchase | 261 |
| Assign group | 189 |
| Resource trade | 153 |
| Use ability | 138 |
| Chat | 100 |
| Esc | 13 |
| Item give/drop | 6 |
| Minimap ping | 2 |


| Staff of Preservation | 1 | 150 |
| Potion of Mana | 1 | 200 |
| Potion of Healing | 3 | 450 |
| Scroll of Town Portal | 6 | 2100 |
| Scroll of Healing | 3 | 750 |
| Scroll of Protection | 2 | 300 |
| Scroll of Regeneration | 1 | 100 |
| total: | 17 | 4050g |
| Wisp | 25 | 1500 | / | 0 |
| Archer | 16 | 2080 | / | 160 |
| Hippogryph | 12 | 1920 | / | 240 |
| Druid of the Claw | 2 | 510 | / | 160 |
| Chimaera | 5 | 1650 | / | 350 |
| total: | 60 | 7660g | / | 910w |
| Altar of Elders | 1 | 180 | / | 50 |
| Moon Well | 8 | 1440 | / | 320 |
| Ancient of War | 2 | 300 | / | 120 |
| Tree of Life | 4 | 1360 | / | 740 |
| Ancient of Wonders | 1 | 90 | / | 30 |
| Hunter's Hall | 1 | 210 | / | 100 |
| Ancient of Wind | 4 | 600 | / | 560 |
| Ancient of Lore | 2 | 310 | / | 290 |
| Chimaera Roost | 2 | 280 | / | 380 |
| Tree of Ages | 1 | 320 | / | 180 |
| Tree of Eternity | 1 | 330 | / | 200 |
| total: | 25 | 4770g | / | 2590w |
| 0:01 | Wisp |
| 0:03 | Altar of Elders |
| 0:15 | Wisp |
| 0:19 | Moon Well |
| 0:20 | Wisp |
| 0:37 | Ancient of War |
| 0:45 | Wisp |
| 0:59 | Wisp |
| 1:13 | Moon Well |
| 1:19 | Wisp |
| 1:35 | Wisp |
| 1:38 | Archer |
| 1:47 | Wisp |
| 1:57 | Archer |
| 2:02 | Wisp |
| 2:07 | Force of Nature |
| 2:14 | Wisp |
| 2:21 | Archer |
| 2:29 | Wisp |
| 2:46 | Archer |
| 3:02 | Tree of Ages |
| 3:34 | Tree of Life |
| 3:39 | Entangling Roots |
| 3:51 | Moon Well |
| 4:07 | Archer |
| 4:25 | Ancient of War |
| 4:46 | Archer |
| 5:04 | Archer |
| 5:27 | Force of Nature |
| 5:44 | Wisp |
| 5:48 | Ancient of Wonders |
| 5:57 | Hunter's Hall |
| 6:01 | Wisp |
| 6:24 | Ancient of Wind |
| 6:27 | Ancient of Wind |
| 6:31 | Trueshot Aura |
| 6:55 | Wisp |
| 6:55 | Wisp |
| 6:55 | Wisp |
| 7:12 | Strength of the Moon |
| 7:14 | Wisp |
| 7:14 | Wisp |
| 7:29 | Hippogryph |
| 7:33 | Hippogryph |
| 8:01 | Hippogryph |
| 8:02 | Moon Well |
| 8:37 | Hippogryph |
| 8:55 | Moon Well |
| 8:56 | Improved Strength of the Moon |
| 9:00 | Ancient of Lore |
| 9:32 | Hippogryph |
| 9:37 | Staff of Preservation |
| 9:38 | Scroll of Town Portal |
| 9:55 | Archer |
| 10:00 | Tree of Eternity |
| 10:13 | Archer |
| 10:38 | Searing Arrows |
| 10:48 | Archer |
| 10:48 | Improved Bows |
| 11:14 | Hippogryph |
| 11:28 | Archer |
| 11:29 | Hippogryph |
| 12:51 | Marksmanship |
| 12:54 | Moon Well |
| 12:55 | Wisp |
| 12:55 | Wisp |
| 12:55 | Wisp |
| 12:55 | Wisp |
| 13:56 | Archer |
| 13:56 | Hippogryph |
| 13:59 | Entangling Roots |
| 14:12 | Druid of the Claw |
| 14:14 | Moon Well |
| 14:15 | Moon Well |
| 14:18 | Scroll of Town Portal |
| 14:19 | Potion of Mana |
| 14:21 | Potion of Healing |
| 15:20 | Archer |
| 15:22 | Hippogryph |
| 16:14 | Archer |
| 16:14 | Hippogryph |
| 16:16 | Tree of Life |
| 16:19 | Ancient of Wind |
| 17:08 | Scroll of Town Portal |
| 17:17 | Trueshot Aura |
| 17:23 | Scroll of Healing |
| 17:23 | Scroll of Protection |
| 17:46 | Scroll of Healing |
| 17:46 | Scroll of Protection |
| 18:18 | Scroll of Town Portal |
| 18:26 | Advanced Strength of the Moon |
| 19:29 | Archer |
| 19:29 | Hippogryph |
| 19:42 | Archer |
| 20:17 | Hippogryph |
| 20:20 | Chimaera Roost |
| 20:21 | Chimaera Roost |
| 20:23 | Strength of the Wild |
| 20:32 | Searing Arrows |
| 20:59 | Potion of Healing |
| 21:01 | Potion of Healing |
| 21:42 | Improved Strength of the Wild |
| 21:45 | Chimaera |
| 22:21 | Chimaera |
| 22:57 | Advanced Strength of the Wild |
| 24:10 | Chimaera |
| 24:34 | Scroll of Town Portal |
| 24:36 | Scroll of Regeneration |
| 24:40 | Entangling Roots |
| 24:55 | Corrosive Breath |
| 25:38 | Trueshot Aura |
| 27:15 | Chimaera |
| 27:17 | Ancient of Lore |
| 27:35 | Ancient of Wind |
| 27:36 | Wisp |
| 27:36 | Wisp |
| 27:36 | Wisp |
| 28:05 | Scroll of Town Portal |
| 28:07 | Scroll of Healing |
| 28:32 | Tranquility |
| 28:41 | Chimaera |
| 29:01 | Tree of Life |
| 33:41 | Druid of the Claw |
| 33:43 | Druid of the Claw Adept Training |
| 34:42 | Tree of Life |
| 36:23 | Starfall |
| Right click | 2086 |
| Select group | 757 |
| Select | 703 |
| Chat | 649 |
| Misc. action | 156 |
| Build/train/purchase | 135 |
| Use ability | 66 |
| Assign group | 54 |
| Minimap ping | 25 |
| Item give/drop | 2 |
| Esc | 1 |


| Scroll of Regeneration | 2 | 200 |
| Staff of Sanctuary | 2 | 500 |
| Orb of Fire | 1 | 325 |
| Lesser Clarity Potion | 1 | 70 |
| Potion of Healing | 3 | 450 |
| Potion of Mana | 1 | 200 |
| Scroll of Town Portal | 8 | 2800 |
| total: | 18 | 4545g |
| Peasant | 26 | 1950 | / | 0 |
| Footman | 1 | 135 | / | 0 |
| Rifleman | 8 | 1640 | / | 240 |
| Flying Machine | 5 | 500 | / | 150 |
| Mortar Team | 4 | 720 | / | 280 |
| Knight | 7 | 1715 | / | 420 |
| Forest Troll Shadow Priest | 1 | 195 | / | 10 |
| total: | 52 | 6855g | / | 1100w |
| Scout Tower | 10 | 300 | / | 200 |
| Arcane Tower | 2 | 140 | / | 100 |
| Guard Tower | 3 | 210 | / | 150 |
| Blacksmith | 2 | 280 | / | 120 |
| Farm | 9 | 720 | / | 180 |
| Barracks | 2 | 320 | / | 120 |
| Altar of Kings | 1 | 180 | / | 50 |
| Town Hall | 8 | 3080 | / | 1640 |
| Lumber Mill | 5 | 600 | / | 0 |
| Arcane Vault | 1 | 130 | / | 30 |
| Workshop | 3 | 420 | / | 420 |
| Keep | 1 | 320 | / | 210 |
| Castle | 1 | 360 | / | 210 |
| total: | 41 | 6030g | / | 2760w |
| 0:01 | Peasant |
| 0:15 | Peasant |
| 0:30 | Peasant |
| 0:36 | Blacksmith |
| 0:44 | Peasant |
| 0:47 | Farm |
| 0:49 | Barracks |
| 0:59 | Peasant |
| 1:08 | Altar of Kings |
| 1:14 | Peasant |
| 1:33 | Peasant |
| 1:41 | Farm |
| 2:05 | Footman |
| 2:07 | Rifleman |
| 2:21 | Scout Tower |
| 2:24 | Peasant |
| 2:27 | Farm |
| 2:32 | Rifleman |
| 2:57 | Rifleman |
| 2:59 | Peasant |
| 3:12 | Peasant |
| 3:12 | Peasant |
| 3:14 | Summon Water Elemental |
| 3:43 | Farm |
| 3:53 | Brilliance Aura |
| 3:57 | Town Hall |
| 4:14 | Lumber Mill |
| 4:23 | Peasant |
| 4:24 | Peasant |
| 4:24 | Peasant |
| 4:37 | Arcane Tower |
| 5:04 | Peasant |
| 5:11 | Rifleman |
| 5:15 | Peasant |
| 5:35 | Forest Troll Shadow Priest |
| 5:38 | Keep |
| 5:39 | Rifleman |
| 5:57 | Rifleman |
| 5:59 | Summon Water Elemental |
| 6:12 | Improved Masonry |
| 6:13 | Farm |
| 6:35 | Rifleman |
| 6:36 | Arcane Vault |
| 6:38 | Black Gunpowder |
| 6:38 | Studded Leather Armor |
| 7:29 | Rifleman |
| 7:33 | Farm |
| 7:52 | Scroll of Regeneration |
| 7:58 | Castle |
| 8:00 | Scroll of Town Portal |
| 8:11 | Long Rifles |
| 8:14 | Workshop |
| 8:18 | Improved Lumber Harvesting |
| 8:54 | Workshop |
| 8:57 | Siphon Mana |
| 9:38 | Workshop |
| 9:52 | Scroll of Town Portal |
| 10:02 | Flying Machine |
| 10:07 | Farm |
| 10:19 | Flak Cannons |
| 10:25 | Advanced Lumber Harvesting |
| 10:25 | Peasant |
| 10:26 | Peasant |
| 10:26 | Peasant |
| 11:12 | Fragmentation Shards |
| 11:12 | Mortar Team |
| 11:56 | Mortar Team |
| 12:11 | Mortar Team |
| 12:44 | Farm |
| 12:44 | Farm |
| 12:47 | Refined Gunpowder |
| 13:27 | Barracks |
| 13:38 | Scroll of Town Portal |
| 13:39 | Staff of Sanctuary |
| 13:39 | Orb of Fire |
| 14:04 | Sundering Blades |
| 14:05 | Flare |
| 14:07 | Imbued Gunpowder |
| 14:09 | Advanced Masonry |
| 14:40 | Scroll of Regeneration |
| 14:42 | Lesser Clarity Potion |
| 14:53 | Knight |
| 15:06 | Knight |
| 15:29 | Potion of Healing |
| 15:35 | Knight |
| 15:37 | Town Hall |
| 15:42 | Brilliance Aura |
| 16:29 | Potion of Healing |
| 16:30 | Potion of Mana |
| 16:30 | Scroll of Town Portal |
| 16:47 | Iron Plating |
| 17:06 | Flame Strike |
| 17:13 | Peasant |
| 17:13 | Peasant |
| 17:30 | Scroll of Town Portal |
| 17:42 | Reinforced Leather Armor |
| 17:43 | Animal War Training |
| 18:53 | Town Hall |
| 20:18 | Scout Tower |
| 20:27 | Knight |
| 20:28 | Flying Machine |
| 20:43 | Knight |
| 20:52 | Arcane Tower |
| 20:54 | Scout Tower |
| 20:54 | Scout Tower |
| 21:12 | Knight |
| 21:23 | Scout Tower |
| 21:23 | Scout Tower |
| 21:59 | Guard Tower |
| 22:01 | Scout Tower |
| 22:01 | Scout Tower |
| 22:03 | Lumber Mill |
| 22:07 | Steel Plating |
| 22:09 | Blacksmith |
| 22:41 | Scroll of Town Portal |
| 22:43 | Potion of Healing |
| 22:47 | Staff of Sanctuary |
| 23:07 | Guard Tower |
| 23:09 | Lumber Mill |
| 23:47 | Scout Tower |
| 24:04 | Summon Water Elemental |
| 24:10 | Flame Strike |
| 24:41 | Scroll of Town Portal |
| 25:12 | Guard Tower |
| 25:21 | Lumber Mill |
| 25:23 | Lumber Mill |
| 25:29 | Mortar Team |
| 26:53 | Scroll of Town Portal |
| 27:02 | Siphon Mana |
| 30:14 | Town Hall |
| 30:42 | Town Hall |
| 31:56 | Mass Teleport |
| 32:26 | Scout Tower |
| 32:32 | Town Hall |
| 33:20 | Peasant |
| 33:21 | Peasant |
| 33:21 | Peasant |
| 33:21 | Peasant |
| 33:26 | Knight |
| 33:29 | Iron Forged Swords |
| 34:01 | Peasant |
| 35:20 | Flying Machine |
| 36:49 | Town Hall |
| 37:44 | Flying Machine |
| 39:27 | Town Hall |
| 40:10 | Flying Machine |
| 40:12 | Steel Forged Swords |
| 40:13 | Mithril Plating |
| Select group | 2834 |
| Right click | 2498 |
| Select | 1026 |
| Misc. action | 245 |
| Build/train/purchase | 157 |
| Assign group | 85 |
| Use ability | 77 |
| Chat | 62 |
| Resource trade | 21 |
| Remove unit | 2 |
| Esc | 2 |
| Minimap ping | 2 |
| Item give/drop | 1 |



| Scroll of Regeneration | 4 | 400 |
| Lesser Clarity Potion | 4 | 280 |
| Potion of Healing | 5 | 750 |
| Staff of Sanctuary | 3 | 750 |
| Scroll of Town Portal | 8 | 2800 |
| total: | 24 | 4980g |
| Peasant | 32 | 2400 | / | 0 |
| Footman | 10 | 1350 | / | 0 |
| Mortar Team | 3 | 540 | / | 210 |
| Flying Machine | 22 | 2200 | / | 660 |
| Priest | 5 | 675 | / | 50 |
| Knight | 2 | 490 | / | 120 |
| Spell Breaker | 4 | 860 | / | 120 |
| Siege Engine | 2 | 390 | / | 120 |
| total: | 80 | 8905g | / | 1280w |
| Scout Tower | 34 | 1020 | / | 680 |
| Arcane Tower | 7 | 490 | / | 350 |
| Guard Tower | 21 | 1470 | / | 1050 |
| Altar of Kings | 3 | 540 | / | 150 |
| Farm | 24 | 1920 | / | 480 |
| Barracks | 1 | 160 | / | 60 |
| Town Hall | 6 | 2310 | / | 1230 |
| Arcane Vault | 4 | 520 | / | 120 |
| Lumber Mill | 1 | 120 | / | 0 |
| Blacksmith | 1 | 140 | / | 60 |
| Cannon Tower | 5 | 600 | / | 500 |
| Workshop | 2 | 280 | / | 280 |
| Arcane Sanctum | 2 | 300 | / | 280 |
| Keep | 1 | 320 | / | 210 |
| Castle | 1 | 360 | / | 210 |
| total: | 78 | 7310g | / | 3340w |
| 0:01 | Peasant |
| 0:01 | Peasant |
| 0:05 | Altar of Kings |
| 0:17 | Farm |
| 0:19 | Barracks |
| 0:31 | Peasant |
| 0:35 | Farm |
| 0:45 | Peasant |
| 0:56 | Peasant |
| 1:07 | Peasant |
| 1:18 | Peasant |
| 1:22 | Footman |
| 1:34 | Scout Tower |
| 1:39 | Footman |
| 1:47 | Farm |
| 1:49 | Farm |
| 1:56 | Peasant |
| 2:01 | Arcane Tower |
| 2:05 | Summon Water Elemental |
| 2:15 | Footman |
| 2:15 | Footman |
| 2:31 | Peasant |
| 2:44 | Peasant |
| 3:08 | Brilliance Aura |
| 3:11 | Town Hall |
| 3:14 | Scout Tower |
| 3:20 | Peasant |
| 3:26 | Farm |
| 3:29 | Farm |
| 3:53 | Peasant |
| 3:55 | Arcane Tower |
| 4:05 | Arcane Vault |
| 4:07 | Arcane Vault |
| 4:21 | Peasant |
| 4:21 | Footman |
| 4:24 | Peasant |
| 4:30 | Farm |
| 4:40 | Footman |
| 5:06 | Peasant |
| 5:07 | Footman |
| 5:22 | Keep |
| 5:22 | Footman |
| 5:27 | Peasant |
| 5:27 | Peasant |
| 5:36 | Scroll of Regeneration |
| 5:36 | Scroll of Regeneration |
| 5:36 | Lesser Clarity Potion |
| 5:43 | Lumber Mill |
| 5:46 | Scout Tower |
| 5:49 | Blacksmith |
| 5:55 | Defend |
| 6:35 | Farm |
| 6:36 | Farm |
| 6:45 | Peasant |
| 6:46 | Peasant |
| 6:49 | Town Hall |
| 6:51 | Summon Water Elemental |
| 7:34 | Guard Tower |
| 7:35 | Scout Tower |
| 7:44 | Scroll of Town Portal |
| 7:45 | Potion of Healing |
| 7:45 | Scroll of Regeneration |
| 7:47 | Castle |
| 7:50 | Workshop |
| 8:22 | Arcane Sanctum |
| 8:23 | Farm |
| 8:25 | Guard Tower |
| 8:32 | Footman |
| 8:35 | Farm |
| 8:51 | Storm Bolt |
| 8:55 | Improved Masonry |
| 8:58 | Mortar Team |
| 9:00 | Improved Lumber Harvesting |
| 9:24 | Workshop |
| 9:27 | Black Gunpowder |
| 10:21 | Footman |
| 10:39 | Flying Machine |
| 10:40 | Flying Machine |
| 10:40 | Flak Cannons |
| 10:43 | Flying Machine |
| 10:51 | Peasant |
| 10:51 | Peasant |
| 10:51 | Peasant |
| 10:51 | Peasant |
| 10:56 | Flying Machine |
| 10:59 | Priest |
| 11:22 | Flying Machine |
| 11:23 | Flying Machine |
| 11:34 | Priest Adept Training |
| 11:34 | Priest |
| 11:36 | Flying Machine |
| 11:42 | Staff of Sanctuary |
| 11:42 | Lesser Clarity Potion |
| 11:42 | Potion of Healing |
| 11:44 | Scroll of Town Portal |
| 12:22 | Altar of Kings |
| 12:43 | Knight |
| 12:44 | Mortar Team |
| 12:44 | Fragmentation Shards |
| 13:10 | Scout Tower |
| 13:13 | Altar of Kings |
| 13:27 | Thunder Clap |
| 13:28 | Guard Tower |
| 13:29 | Scout Tower |
| 13:46 | Flying Machine Bombs |
| 13:49 | Priest Master Training |
| 13:50 | Priest |
| 13:51 | Mortar Team |
| 14:08 | Peasant |
| 14:27 | Farm |
| 14:30 | Farm |
| 15:18 | Scroll of Town Portal |
| 15:18 | Lesser Clarity Potion |
| 15:31 | Flying Machine |
| 15:31 | Flying Machine |
| 15:44 | Flying Machine |
| 15:44 | Flying Machine |
| 15:53 | Refined Gunpowder |
| 16:11 | Flying Machine |
| 16:25 | Holy Light |
| 16:37 | Storm Bolt |
| 17:08 | Flying Machine |
| 17:08 | Flying Machine |
| 17:13 | Flying Machine |
| 17:15 | Brilliance Aura |
| 17:17 | Scout Tower |
| 17:18 | Scout Tower |
| 17:20 | Peasant |
| 17:20 | Peasant |
| 17:20 | Peasant |
| 17:29 | Staff of Sanctuary |
| 17:29 | Scroll of Town Portal |
| 17:30 | Potion of Healing |
| 17:31 | Potion of Healing |
| 17:34 | Flying Machine |
| 17:38 | Guard Tower |
| 17:39 | Imbued Gunpowder |
| 17:41 | Peasant |
| 17:41 | Peasant |
| 17:57 | Farm |
| 17:58 | Scout Tower |
| 17:58 | Scout Tower |
| 19:21 | Spell Breaker |
| 19:46 | Divine Shield |
| 19:51 | Flying Machine |
| 19:51 | Flying Machine |
| 19:52 | Knight |
| 19:53 | Animal War Training |
| 20:18 | Arcane Sanctum |
| 20:24 | Guard Tower |
| 20:35 | Flying Machine |
| 20:41 | Scroll of Town Portal |
| 20:42 | Lesser Clarity Potion |
| 20:42 | Potion of Healing |
| 20:55 | Town Hall |
| 20:59 | Guard Tower |
| 21:07 | Spell Breaker |
| 22:27 | Iron Plating |
| 22:29 | Priest |
| 22:30 | Spell Breaker |
| 22:34 | Scroll of Regeneration |
| 22:39 | Scroll of Town Portal |
| 22:50 | Scout Tower |
| 22:51 | Advanced Masonry |
| 22:56 | Scout Tower |
| 22:57 | Scout Tower |
| 22:58 | Scout Tower |
| 24:07 | Flying Machine |
| 24:07 | Flying Machine |
| 24:21 | Brilliance Aura |
| 24:32 | Thunder Clap |
| 24:33 | Holy Light |
| 24:35 | Guard Tower |
| 24:40 | Guard Tower |
| 25:11 | Guard Tower |
| 25:26 | Scout Tower |
| 25:27 | Scout Tower |
| 25:41 | Spell Breaker |
| 25:43 | Priest |
| 25:45 | Flying Machine |
| 26:28 | Guard Tower |
| 26:30 | Peasant |
| 26:30 | Peasant |
| 26:35 | Town Hall |
| 26:37 | Town Hall |
| 27:26 | Scroll of Town Portal |
| 27:28 | Staff of Sanctuary |
| 27:47 | Scroll of Town Portal |
| 28:10 | Scout Tower |
| 28:10 | Scout Tower |
| 29:18 | Scout Tower |
| 29:19 | Scout Tower |
| 29:28 | Siege Engine |
| 29:29 | Siege Engine |
| 30:06 | Arcane Tower |
| 30:06 | Guard Tower |
| 30:07 | Scout Tower |
| 30:08 | Peasant |
| 30:56 | Guard Tower |
| 30:58 | Scout Tower |
| 30:58 | Scout Tower |
| 31:11 | Scout Tower |
| 31:16 | Imbued Masonry |
| 31:31 | Cannon Tower |
| 31:40 | Cannon Tower |
| 31:41 | Cannon Tower |
| 31:42 | Scout Tower |
| 31:43 | Scout Tower |
| 31:44 | Arcane Vault |
| 32:25 | Farm |
| 32:26 | Farm |
| 32:27 | Farm |
| 32:28 | Farm |
| 32:29 | Scout Tower |
| 32:50 | Flare |
| 32:51 | Barrage |
| 33:12 | Farm |
| 33:14 | Scout Tower |
| 33:40 | Farm |
| 33:41 | Farm |
| 33:42 | Arcane Tower |
| 33:43 | Cannon Tower |
| 33:44 | Guard Tower |
| 33:46 | Guard Tower |
| 34:05 | Scout Tower |
| 34:07 | Farm |
| 34:17 | Scout Tower |
| 34:52 | Cannon Tower |
| 34:54 | Arcane Tower |
| 34:57 | Farm |
| 35:46 | Devotion Aura |
| 35:48 | Storm Bolt |
| 36:07 | Arcane Vault |
| 36:57 | Scout Tower |
| 36:57 | Scout Tower |
| 36:57 | Scout Tower |
| 36:58 | Scout Tower |
| 38:27 | Farm |
| 38:35 | Mass Teleport |
| 39:59 | Town Hall |
| 40:05 | Guard Tower |
| Right click | 2547 |
| Select group | 2504 |
| Select | 929 |
| Misc. action | 422 |
| Assign group | 363 |
| Build/train/purchase | 270 |
| Chat | 115 |
| Use ability | 107 |
| Resource trade | 29 |
| Esc | 7 |
| Item give/drop | 5 |
| Minimap ping | 3 |
| Remove unit | 1 |
211 units @ 30.3k
/ 4.5k
115 buildings @ 18.2k
/ 7.9k


| Healing Salve | 7 | 700 |
| Lesser Clarity Potion | 2 | 140 |
| Potion of Healing | 5 | 750 |
| Scroll of Speed | 1 | 50 |
| Orb of Lightning | 1 | 375 |
| Scroll of Town Portal | 4 | 1400 |
| total: | 20 | 3415g |
| Peon | 29 | 2175 | / | 0 |
| Grunt | 3 | 600 | / | 0 |
| Troll Headhunter | 15 | 2100 | / | 300 |
| Troll Batrider | 24 | 3840 | / | 960 |
| Shaman | 2 | 260 | / | 40 |
| Acolyte | 2 | 150 | / | 0 |
| total: | 75 | 9125g | / | 1300w |
| Watch Tower | 11 | 1210 | / | 880 |
| Orc Burrow | 5 | 800 | / | 200 |
| Altar of Storms | 2 | 360 | / | 100 |
| Barracks | 3 | 540 | / | 150 |
| Voodoo Lounge | 1 | 130 | / | 30 |
| War Mill | 1 | 205 | / | 0 |
| Great Hall | 2 | 770 | / | 370 |
| Beastiary | 6 | 870 | / | 840 |
| Spirit Lodge | 3 | 450 | / | 450 |
| Tauren Totem | 1 | 135 | / | 155 |
| Stronghold | 1 | 315 | / | 190 |
| Fortress | 1 | 325 | / | 190 |
| Necropolis | 1 | 225 | / | 0 |
| Ziggurat | 2 | 300 | / | 100 |
| Altar of Darkness | 1 | 180 | / | 50 |
| total: | 39 | 6175g | / | 3325w |
| 0:17 | Peon |
| 0:17 | Peon |
| 0:17 | Peon |
| 0:17 | Peon |
| 0:34 | Orc Burrow |
| 0:49 | Altar of Storms |
| 1:08 | Barracks |
| 1:18 | Peon |
| 1:27 | Orc Burrow |
| 1:33 | Peon |
| 1:50 | Peon |
| 2:08 | Voodoo Lounge |
| 2:09 | Grunt |
| 2:14 | Peon |
| 2:39 | Grunt |
| 2:59 | War Mill |
| 3:05 | War Stomp |
| 3:14 | Grunt |
| 3:50 | Stronghold |
| 4:10 | Endurance Aura |
| 4:16 | Troll Headhunter |
| 4:26 | Healing Salve |
| 4:29 | Troll Headhunter |
| 4:37 | Watch Tower |
| 5:06 | Orc Burrow |
| 5:19 | Great Hall |
| 6:07 | War Stomp |
| 6:20 | Reinforced Defenses |
| 6:22 | Peon |
| 6:23 | Peon |
| 7:22 | Hex |
| 7:34 | Watch Tower |
| 7:36 | Peon |
| 7:42 | Lesser Clarity Potion |
| 7:47 | Healing Salve |
| 7:51 | Troll Headhunter |
| 7:58 | Peon |
| 8:01 | Peon |
| 8:16 | Troll Headhunter |
| 8:54 | Beastiary |
| 8:59 | Troll Headhunter |
| 9:20 | Troll Headhunter |
| 9:29 | Watch Tower |
| 9:31 | Watch Tower |
| 9:33 | Peon |
| 9:42 | Peon |
| 9:42 | Peon |
| 9:47 | Troll Headhunter |
| 9:58 | Spirit Lodge |
| 10:11 | Peon |
| 10:41 | Watch Tower |
| 10:42 | Watch Tower |
| 10:43 | Troll Headhunter |
| 10:45 | Troll Batrider |
| 10:47 | Peon |
| 11:06 | Troll Headhunter |
| 11:09 | Troll Batrider |
| 11:24 | Healing Wave |
| 11:26 | Potion of Healing |
| 11:33 | Peon |
| 11:33 | Peon |
| 11:51 | Healing Salve |
| 11:51 | Scroll of Speed |
| 11:56 | Troll Batrider |
| 12:10 | Troll Headhunter |
| 12:11 | Troll Batrider |
| 12:46 | Potion of Healing |
| 12:52 | Troll Batrider |
| 13:36 | Barracks |
| 13:38 | Watch Tower |
| 13:41 | Peon |
| 13:46 | Spirit Lodge |
| 13:55 | Peon |
| 13:55 | Peon |
| 13:56 | Peon |
| 13:59 | Troll Batrider |
| 14:06 | Lesser Clarity Potion |
| 14:06 | Healing Salve |
| 14:10 | Scroll of Town Portal |
| 14:11 | Potion of Healing |
| 14:48 | Watch Tower |
| 14:56 | Troll Batrider |
| 14:57 | Troll Batrider |
| 15:01 | Orc Burrow |
| 15:19 | Beastiary |
| 15:21 | Troll Headhunter |
| 15:24 | Healing Salve |
| 15:41 | Endurance Aura |
| 15:45 | Troll Headhunter |
| 15:50 | Beastiary |
| 16:01 | Troll Batrider |
| 16:13 | Beastiary |
| 16:33 | Beastiary |
| 16:35 | Peon |
| 16:35 | Peon |
| 16:35 | Peon |
| 16:35 | Peon |
| 17:04 | Altar of Storms |
| 17:07 | Peon |
| 17:12 | Orb of Lightning |
| 17:13 | Scroll of Town Portal |
| 17:18 | Potion of Healing |
| 17:26 | Beastiary |
| 17:33 | Troll Batrider |
| 17:37 | Troll Batrider |
| 17:39 | Orc Burrow |
| 17:43 | Troll Headhunter |
| 17:46 | Shaman |
| 17:56 | Troll Batrider |
| 18:03 | Troll Headhunter |
| 18:11 | Troll Batrider |
| 18:17 | Shaman |
| 18:17 | Shaman Adept Training |
| 18:27 | Fortress |
| 18:40 | Troll Batrider |
| 18:59 | Troll Batrider |
| 19:25 | Troll Headhunter |
| 19:28 | Troll Batrider |
| 20:46 | Tauren Totem |
| 21:50 | Barracks |
| 21:53 | Spirit Lodge |
| 21:55 | Watch Tower |
| 22:02 | Healing Salve |
| 22:04 | Scroll of Town Portal |
| 22:10 | Troll Batrider |
| 22:11 | Troll Batrider |
| 22:50 | Great Hall |
| 23:03 | Watch Tower |
| 24:05 | Troll Batrider |
| 24:38 | Watch Tower |
| 24:42 | Troll Batrider |
| 25:38 | Endurance Aura |
| 25:44 | Liquid Fire |
| 25:45 | Troll Batrider |
| 25:59 | Healing Wave |
| 26:09 | Troll Batrider |
| 26:12 | Shaman Master Training |
| 26:13 | Steel Armor |
| 26:44 | Troll Batrider |
| 26:56 | Scroll of Town Portal |
| 26:59 | Potion of Healing |
| 27:32 | Troll Batrider |
| 27:48 | Healing Salve |
| 28:49 | Necropolis |
| 30:55 | Ziggurat |
| 30:55 | Ziggurat |
| 30:59 | Altar of Darkness |
| 32:02 | Acolyte |
| 32:05 | Acolyte |
| Right click | 795 |
| Select | 701 |
| Select group | 304 |
| Build/train/purchase | 158 |
| Use ability | 97 |
| Misc. action | 81 |
| Minimap ping | 43 |
| Assign group | 36 |
| Esc | 7 |
| Item give/drop | 3 |



| Healing Salve | 1 | 100 |
| Lesser Clarity Potion | 2 | 140 |
| Orb of Lightning | 1 | 375 |
| Scroll of Town Portal | 5 | 1750 |
| Scroll of Healing | 1 | 250 |
| Scroll of Protection | 2 | 300 |
| total: | 12 | 2915g |
| Peon | 15 | 1125 | / | 0 |
| Wind Rider | 5 | 1325 | / | 200 |
| Troll Batrider | 3 | 480 | / | 120 |
| Shaman | 9 | 1170 | / | 180 |
| Kodo Beast | 1 | 255 | / | 60 |
| Troll Headhunter | 3 | 420 | / | 60 |
| Raider | 6 | 1080 | / | 240 |
| Troll Berserker | 7 | 980 | / | 140 |
| Troll Witch Doctor | 7 | 1015 | / | 175 |
| total: | 56 | 7850g | / | 1175w |
| Orc Burrow | 9 | 1440 | / | 360 |
| Altar of Storms | 1 | 180 | / | 50 |
| Barracks | 3 | 540 | / | 150 |
| Voodoo Lounge | 1 | 130 | / | 30 |
| War Mill | 1 | 205 | / | 0 |
| Great Hall | 3 | 1155 | / | 555 |
| Beastiary | 2 | 290 | / | 280 |
| Spirit Lodge | 2 | 300 | / | 300 |
| Tauren Totem | 1 | 135 | / | 155 |
| Stronghold | 1 | 315 | / | 190 |
| Fortress | 1 | 325 | / | 190 |
| total: | 23 | 4375g | / | 1880w |
| 0:04 | Peon |
| 0:05 | Peon |
| 0:05 | Peon |
| 0:05 | Peon |
| 0:24 | Peon |
| 0:40 | Orc Burrow |
| 0:41 | Peon |
| 0:56 | Peon |
| 1:04 | Altar of Storms |
| 1:15 | Peon |
| 1:27 | Barracks |
| 1:30 | Peon |
| 1:37 | Peon |
| 2:05 | Voodoo Lounge |
| 2:27 | Stronghold |
| 2:44 | War Mill |
| 2:59 | Orc Burrow |
| 3:06 | Wind Walk |
| 3:09 | Healing Salve |
| 3:09 | Lesser Clarity Potion |
| 4:03 | Orc Burrow |
| 4:28 | Great Hall |
| 4:50 | Peon |
| 4:53 | Beastiary |
| 4:55 | Beastiary |
| 5:34 | Critical Strike |
| 5:49 | Fortress |
| 6:09 | Spirit Lodge |
| 6:16 | Orc Burrow |
| 6:35 | Healing Wave |
| 6:45 | Wind Rider |
| 6:57 | Wind Rider |
| 7:07 | Peon |
| 7:31 | Wind Rider |
| 7:39 | Shaman Adept Training |
| 7:44 | Peon |
| 7:44 | Peon |
| 7:54 | Steel Ranged Weapons |
| 8:39 | Envenomed Spears |
| 8:39 | Troll Batrider |
| 8:53 | Shaman Master Training |
| 8:55 | Peon |
| 8:58 | Wind Walk |
| 9:01 | Hex |
| 9:12 | Wind Rider |
| 9:54 | Troll Batrider |
| 9:56 | Shaman |
| 9:58 | Orc Burrow |
| 10:11 | Scroll of Town Portal |
| 10:18 | War Stomp |
| 10:47 | Troll Batrider |
| 10:49 | Thorium Ranged Weapons |
| 11:17 | Hex |
| 11:43 | Critical Strike |
| 12:40 | War Drums Damage Increase |
| 12:40 | Kodo Beast |
| 12:43 | Barracks |
| 12:44 | Barracks |
| 12:46 | Spirit Lodge |
| 12:48 | Shaman |
| 12:48 | Shaman |
| 13:25 | Shaman |
| 13:42 | Orb of Lightning |
| 13:43 | Scroll of Town Portal |
| 13:54 | Berserker Upgrade |
| 13:54 | Troll Headhunter |
| 13:59 | Troll Headhunter |
| 13:59 | Troll Headhunter |
| 14:08 | Ensnare |
| 14:08 | Raider |
| 14:14 | Witch Doctor Adept Training |
| 14:43 | Troll Berserker |
| 14:46 | Troll Witch Doctor |
| 15:17 | Troll Berserker |
| 15:20 | Witch Doctor Master Training |
| 15:29 | Orc Burrow |
| 15:43 | Pillage |
| 16:07 | Orc Burrow |
| 16:23 | Troll Berserker |
| 16:25 | Raider |
| 16:27 | Raider |
| 17:05 | Troll Berserker |
| 17:12 | Troll Witch Doctor |
| 17:17 | Lesser Clarity Potion |
| 17:37 | Shaman |
| 17:59 | Scroll of Town Portal |
| 18:25 | Shaman |
| 18:36 | Troll Witch Doctor |
| 18:47 | Endurance Aura |
| 20:08 | Raider |
| 20:10 | Troll Witch Doctor |
| 21:10 | Great Hall |
| 22:30 | Raider |
| 22:52 | Wind Walk |
| 22:54 | Healing Wave |
| 22:56 | War Stomp |
| 23:04 | Steel Melee Weapons |
| 23:04 | Steel Armor |
| 23:28 | Raider |
| 24:35 | Shaman |
| 24:37 | Troll Witch Doctor |
| 24:41 | Scroll of Town Portal |
| 24:57 | Thorium Melee Weapons |
| 25:08 | Tauren Totem |
| 25:32 | Troll Berserker |
| 25:34 | Troll Witch Doctor |
| 25:35 | Shaman |
| 26:13 | Wind Rider |
| 27:47 | Troll Berserker |
| 27:50 | Troll Witch Doctor |
| 28:42 | Troll Berserker |
| 28:49 | Shaman |
| 29:22 | Endurance Aura |
| 29:50 | Healing Wave |
| 32:27 | Bladestorm |
| 33:21 | Scroll of Town Portal |
| 33:24 | Scroll of Protection |
| 33:25 | Scroll of Healing |
| 33:25 | Scroll of Protection |
| 33:56 | Great Hall |
| 34:44 | War Stomp |
| 37:33 | Orc Burrow |
| 39:32 | Orc Burrow |
| Select group | 3295 |
| Right click | 3126 |
| Select | 1291 |
| Build/train/purchase | 153 |
| Use ability | 84 |
| Assign group | 68 |
| Minimap ping | 42 |
| Resource trade | 5 |
| Item give/drop | 3 |
| Remove unit | 2 |



| Orb of Corruption | 1 | 375 |
| Scroll of Town Portal | 5 | 1750 |
| Healing Salve | 2 | 200 |
| total: | 8 | 2325g |
| Acolyte | 11 | 825 | / | 0 |
| Ghoul | 11 | 1320 | / | 0 |
| Crypt Fiend | 16 | 3440 | / | 640 |
| Obsidian Statue | 6 | 1200 | / | 210 |
| total: | 44 | 6785g | / | 850w |
| Spirit Tower | 6 | 870 | / | 240 |
| Crypt | 4 | 800 | / | 200 |
| Altar of Darkness | 3 | 540 | / | 150 |
| Ziggurat | 12 | 1800 | / | 600 |
| Graveyard | 2 | 430 | / | 0 |
| Tomb of Relics | 2 | 260 | / | 60 |
| Necropolis | 1 | 225 | / | 0 |
| Slaughterhouse | 2 | 280 | / | 270 |
| Sacrificial Pit | 1 | 75 | / | 150 |
| Halls of the Dead | 2 | 640 | / | 420 |
| Black Citadel | 2 | 650 | / | 460 |
| total: | 27 | 4410g | / | 1430w |
| 0:04 | Acolyte |
| 0:07 | Crypt |
| 0:09 | Altar of Darkness |
| 0:14 | Acolyte |
| 0:20 | Acolyte |
| 0:32 | Ziggurat |
| 0:41 | Acolyte |
| 1:03 | Graveyard |
| 1:14 | Ghoul |
| 1:14 | Ghoul |
| 1:32 | Ziggurat |
| 1:41 | Ghoul |
| 1:53 | Ghoul |
| 1:53 | Ghoul |
| 2:09 | Ghoul |
| 2:09 | Ghoul |
| 2:38 | Halls of the Dead |
| 2:42 | Carrion Beetles |
| 2:59 | Crypt Fiend |
| 2:59 | Crypt Fiend |
| 3:20 | Crypt Fiend |
| 3:20 | Crypt Fiend |
| 4:00 | Ziggurat |
| 4:30 | Spiked Carapace |
| 5:01 | Acolyte |
| 5:21 | Acolyte |
| 5:21 | Acolyte |
| 5:21 | Acolyte |
| 5:21 | Acolyte |
| 5:45 | Crypt Fiend |
| 6:10 | Death Coil |
| 6:28 | Black Citadel |
| 6:34 | Ziggurat |
| 6:35 | Ziggurat |
| 6:36 | Ziggurat |
| 6:37 | Ziggurat |
| 7:00 | Spirit Tower |
| 7:00 | Spirit Tower |
| 7:48 | Slaughterhouse |
| 7:49 | Tomb of Relics |
| 8:00 | Spirit Tower |
| 8:09 | Creature Attack |
| 8:09 | Burrow |
| 8:33 | Carrion Beetles |
| 8:51 | Obsidian Statue |
| 8:55 | Unholy Aura |
| 8:59 | Web |
| 9:07 | Healing Salve |
| 9:08 | Healing Salve |
| 9:11 | Spirit Tower |
| 9:17 | Scroll of Town Portal |
| 9:17 | Scroll of Town Portal |
| 9:23 | Obsidian Statue |
| 9:48 | Frost Armor |
| 10:12 | Crypt Fiend |
| 10:12 | Crypt Fiend |
| 10:42 | Acolyte |
| 10:42 | Acolyte |
| 10:54 | Ghoul |
| 11:02 | Slaughterhouse |
| 11:04 | Tomb of Relics |
| 11:17 | Improved Creature Attack |
| 11:18 | Creature Carapace |
| 11:26 | Ziggurat |
| 11:27 | Ziggurat |
| 11:44 | Crypt |
| 12:15 | Crypt Fiend |
| 12:35 | Obsidian Statue |
| 12:35 | Crypt Fiend |
| 12:37 | Advanced Creature Attack |
| 13:01 | Crypt Fiend |
| 13:08 | Obsidian Statue |
| 13:27 | Frost Nova |
| 13:27 | Frost Nova |
| 14:02 | Crypt Fiend |
| 14:10 | Sacrificial Pit |
| 14:33 | Scroll of Town Portal |
| 14:34 | Orb of Corruption |
| 14:42 | Crypt Fiend |
| 14:44 | Obsidian Statue |
| 14:44 | Obsidian Statue |
| 15:03 | Crypt Fiend |
| 15:16 | Crypt Fiend |
| 15:30 | Unholy Aura |
| 16:05 | Crypt Fiend |
| 16:46 | Improved Creature Carapace |
| 16:57 | Scroll of Town Portal |
| 16:58 | Scroll of Town Portal |
| 17:07 | Spiked Carapace |
| 17:11 | Destroyer Form |
| 17:42 | Crypt Fiend |
| 18:52 | Death Coil |
| 19:14 | Frost Armor |
| 19:52 | Necropolis |
| 19:53 | Crypt |
| 19:55 | Altar of Darkness |
| 20:22 | Altar of Darkness |
| 20:25 | Crypt |
| 20:27 | Graveyard |
| 21:44 | Halls of the Dead |
| 21:45 | Ghoul |
| 21:45 | Ghoul |
| 21:45 | Ghoul |
| 22:25 | Ziggurat |
| 22:26 | Ziggurat |
| 22:27 | Ziggurat |
| 23:41 | Carrion Beetles |
| 24:09 | Cannibalize |
| Right click | 962 |
| Select | 550 |
| Select group | 467 |
| Misc. action | 327 |
| Build/train/purchase | 116 |
| Assign group | 43 |
| Use ability | 42 |
| Remove unit | 6 |
| Item give/drop | 3 |
| Esc | 3 |


| Scroll of Regeneration | 1 | 100 |
| Scroll of Town Portal | 2 | 700 |
| total: | 3 | 800g |
| Peasant | 14 | 1050 | / | 0 |
| Rifleman | 8 | 1640 | / | 240 |
| Gryphon Rider | 11 | 3080 | / | 770 |
| Knight | 3 | 735 | / | 180 |
| total: | 36 | 6505g | / | 1190w |
| Altar of Kings | 2 | 360 | / | 100 |
| Farm | 15 | 1200 | / | 300 |
| Blacksmith | 1 | 140 | / | 60 |
| Barracks | 1 | 160 | / | 60 |
| Arcane Vault | 1 | 130 | / | 30 |
| Lumber Mill | 2 | 240 | / | 0 |
| Town Hall | 2 | 770 | / | 410 |
| Gryphon Aviary | 2 | 280 | / | 300 |
| Keep | 2 | 640 | / | 420 |
| Castle | 3 | 1080 | / | 630 |
| total: | 26 | 3280g | / | 1260w |
| 0:04 | Peasant |
| 0:04 | Peasant |
| 0:09 | Altar of Kings |
| 0:21 | Peasant |
| 0:22 | Peasant |
| 0:30 | Farm |
| 0:52 | Peasant |
| 1:03 | Peasant |
| 1:11 | Farm |
| 1:16 | Blacksmith |
| 1:26 | Peasant |
| 1:57 | Farm |
| 2:02 | Barracks |
| 2:08 | Farm |
| 2:13 | Peasant |
| 2:15 | Peasant |
| 2:32 | Black Gunpowder |
| 2:32 | Refined Gunpowder |
| 2:41 | Farm |
| 2:52 | Farm |
| 3:01 | Rifleman |
| 3:07 | Peasant |
| 3:19 | Arcane Vault |
| 3:37 | Rifleman |
| 3:52 | Farm |
| 4:06 | Rifleman |
| 4:26 | Rifleman |
| 4:40 | Storm Bolt |
| 5:05 | Farm |
| 5:51 | Keep |
| 5:53 | Studded Leather Armor |
| 5:53 | Reinforced Leather Armor |
| 5:54 | Rifleman |
| 6:01 | Farm |
| 6:33 | Bash |
| 6:54 | Rifleman |
| 6:55 | Rifleman |
| 6:57 | Iron Forged Swords |
| 7:00 | Lumber Mill |
| 7:09 | Farm |
| 7:48 | Rifleman |
| 7:52 | Improved Masonry |
| 7:52 | Advanced Masonry |
| 7:52 | Imbued Masonry |
| 8:28 | Farm |
| 8:54 | Scroll of Regeneration |
| 8:58 | Scroll of Town Portal |
| 9:40 | Castle |
| 9:42 | Long Rifles |
| 9:57 | Farm |
| 10:24 | Scroll of Town Portal |
| 10:52 | Farm |
| 11:03 | Lumber Mill |
| 11:06 | Gryphon Aviary |
| 11:07 | Gryphon Aviary |
| 11:36 | Holy Light |
| 12:27 | Storm Bolt |
| 13:16 | Gryphon Rider |
| 13:18 | Knight |
| 13:18 | Knight |
| 13:52 | Farm |
| 14:03 | Storm Hammers |
| 14:18 | Gryphon Rider |
| 16:16 | Divine Shield |
| 16:16 | Divine Shield |
| 16:45 | Gryphon Rider |
| 16:47 | Animal War Training |
| 17:02 | Farm |
| 18:19 | Town Hall |
| 19:21 | Holy Light |
| 19:39 | Bash |
| 20:39 | Gryphon Rider |
| 21:45 | Gryphon Rider |
| 21:50 | Gryphon Rider |
| 23:01 | Gryphon Rider |
| 23:03 | Improved Lumber Harvesting |
| 23:03 | Advanced Lumber Harvesting |
| 24:29 | Gryphon Rider |
| 25:21 | Divine Shield |
| 25:37 | Gryphon Rider |
| 27:21 | Peasant |
| 27:21 | Peasant |
| 27:21 | Peasant |
| 28:47 | Peasant |
| 30:04 | Altar of Kings |
| 30:15 | Gryphon Rider |
| 30:34 | Gryphon Rider |
| 30:36 | Knight |
| 32:39 | Town Hall |
| Right click | 2133 |
| Select group | 578 |
| Select | 247 |
| Build/train/purchase | 114 |
| Use ability | 41 |
| Assign group | 27 |
| Resource trade | 21 |
| Minimap ping | 8 |
| Remove unit | 5 |
⇛